 Dungeon Crawl Stone Soup version 0.27.0-1-g7a089689b8 (webtiles) character file.

Game seed: 6457446018372263714

518 Anothat the Shield-Bearer (level 7, -5/57 HPs)
             Began as a Formicid Fighter on Aug 15, 2021.
             Slain by a scorpion (8 damage)
             ... on level 3 of the Dungeon.
             The game lasted 00:05:13 (3385 turns).

Anothat the Shield-Bearer (Formicid Fighter)        Turns: 3385, Time: 00:05:14

Health: -5/57      AC: 15    Str: 23    XL:     7   Next: 45%
Magic:  7/7        EV:  2    Int: 13    God:
Gold:   133        SH: 10    Dex:  6    Spells: 6/6 levels left

rFire    + . .     SeeInvis +   a - +0 war axe
rCold    + . .     Faith    .   c - +0 kite shield
rNeg     . . .     Spirit   .   m - +1 gold dragon scales of the Harvest {Harm Rampage rPois rF+ rC+ Int+6 Dex-4}
rPois    +         Reflect  .   (helmet unavailable)
rElec    .         Harm     +   e - +0 cloak
rCorr    .         Rampage  +   (no gloves)
Will     .....                  (no boots)
Stlth    ..........             (no amulet)
HPRegen  0.19/turn              (no ring)
MPRegen  0.10/turn              (no ring)

@: attractive
A: permanent stasis, dig shafts and tunnels, antennae 3, four strong arms
a: Dig, Shaft Self


You were on level 3 of the Dungeon.
You visited 1 branch of the dungeon, and saw 4 of its levels.
You also visited: Sewer.

You collected 133 gold pieces.

Inventory:

Hand Weapons
 a - a +0 war axe (weapon)
Armour
 b - a +0 scale mail
 c - a +0 kite shield (worn)
 e - a +0 cloak (worn)
 m - the +1 gold dragon scales of the Harvest (worn) {Harm Rampage rPois rF+ rC+ Int+6 Dex-4}
   (You found it in a sewer)

   Int:       It affects your intelligence (+6).
   Dex:       It affects your dexterity (-4).
   rF:        It protects you from fire.
   rC:        It protects you from cold.
   rPois:     It protects you from poison.
   Harm:      It increases damage dealt and taken.
   Rampage:   It bestows one free step when moving towards enemies.
Jewellery
 l - an amulet of magic regeneration
Scrolls
 f - a scroll of identify {unknown}
 i - a scroll of silence {unknown}
 k - 2 scrolls of teleportation {unknown}
 q - a scroll of magic mapping {unknown}
Potions
 d - a potion of might


   Skills:
 + Level 5.7 Fighting
 + Level 4.6 Axes
 - Level 3.2 Armour
 + Level 6.2 Shields


You had 6 spell levels left.
You didn't know any spells.
Your spell library contained the following spells:

 Spells                   Type           Power      Damage    Failure   Level
 Leda's Liquefaction      Hex/Erth       0%         N/A       100%        4
 Bolt of Magma            Conj/Fire/Erth 0%         4d4       100%        5
 Statue Form              Tmut/Erth      0%         N/A       100%        6


Dungeon Overview and Level Annotations

Branches:
Dungeon (4/15)              Sewer (visited)
 Temple: D:4-7

Altars:
Ru


Innate Abilities, Weirdness & Mutations

You cannot be hasted, slowed, berserked, paralysed or teleported.
You can dig through walls and to a lower floor.
You have a pair of large antennae on your head. (SInv)
Your four strong arms can wield two-handed weapons with a shield.


Message History

The scorpion stings you but does no damage.
Okay, then.
You block the scorpion's attack.
There is a stone staircase leading up here.
You block the scorpion's attack. The scorpion stings you.
* * * LOW HITPOINT WARNING * * *
You climb upwards.
There is a stone staircase leading down here.
It was a potion of flight.
You feel very buoyant.
You fly up into the air.
The scorpion stings you but does no damage.
It was a potion of invisibility.
You fade into invisibility!
The scorpion stings you but does no damage.
You are very lightly contaminated with residual magic.
Your gold dragon scales of the Harvest prevents you from hitting the scorpion.
The scorpion is heavily wounded.
The scorpion stings you but does no damage.
The scorpion stings you.
* * * LOW HITPOINT WARNING * * *
The scorpion stings you but does no damage.
The scorpion completely misses you. The scorpion stings you.
* * * LOW HITPOINT WARNING * * *
It was a potion of cancellation.
Your magical effects are unravelling.
You feel magically purged.
Your magical contamination has completely faded away.
You float gracefully downwards.
You flicker back into view.
You block the scorpion's attack.
It was a potion of magic.
Magic courses through your body. The scorpion stings you.
* * * LOW HITPOINT WARNING * * *
You block the scorpion's attack.
It was a potion of attraction.
You feel attractive to monsters. The scorpion stings you!
You die...

#.# #....... #.#
##......
####.#######.......
#..................
##.##.######.......
#.##.# #.......
#.##.# ###.......
#s##.# #.........
#@.#.# #.>.......
##.#.# #...##..##
#.#(# #...###.#
#.#.# ##### #.##
#.#.# #... #.#.#
#... #...###
######..# #.....#
#........ #.....#
#........


You could see a scorpion.

Vanquished Creatures
  Grinder (D:4)
  Purgy (Sewer)
  An orc priest (D:3)
  An orc wizard (D:3)
  8 adders
  A river rat (D:3)
  4 worms (D:3)
  4 orcs
  11 ball pythons
  9 bats
  3 endoplasms
  6 giant cockroaches
  2 goblins (D:1)
  7 hobgoblins
  12 jackals
  9 kobolds
  3 quokkas
  4 rats
87 creatures vanquished.

Vanquished Creatures (others)
  5 plants (D:2)
5 creatures vanquished.

Grand Total: 92 creatures vanquished

Notes
Turn   | Place    | Note
-------+----------+-------------------------------------------
     0 | D:1      | Anothat the Formicid Fighter began the quest for the Orb.
     0 | D:1      | Reached XP level 1. HP: 18/18 MP: 1/1
   168 | D:1      | Reached XP level 2. HP: 19/24 MP: 2/2
   260 | D:1      | Reached skill level 4 in Shields
   330 | D:1      | Reached XP level 3. HP: 30/30 MP: 3/3
  1247 | D:2      | Reached XP level 4. HP: 36/37 MP: 4/4
  2189 | D:3      | Reached XP level 5. HP: 37/42 MP: 5/5
  2413 | D:3      | Found a glowing drain.
  2425 | D:3      | Reached skill level 5 in Shields
  2430 | Sewer    | Entered a sewer
  2541 | Sewer    | Identified the +1 gold dragon scales of the Harvest {Harm
                  | Rampage rPois rF+ rC+ Int+6 Dex-4}
  2606 | Sewer    | Noticed Purgy
  2626 | Sewer    | Killed Purgy
  2627 | Sewer    | Reached skill level 5 in Fighting
  2627 | Sewer    | Reached XP level 6. HP: 19/51 MP: 6/6
  3320 | D:4      | Noticed Grinder
  3330 | D:4      | Killed Grinder
  3331 | D:4      | Reached skill level 6 in Shields
  3331 | D:4      | Reached XP level 7. HP: 39/57 MP: 7/7
  3332 | D:4      | Found a sacrificial altar of Ru.
  3379 | D:3      | HP: 2/57 [scorpion (4)]
  3384 | D:3      | HP: 2/57 [scorpion (1)]
  3385 | D:3      | Slain by a scorpion

Illustrated notes

Levels and vault maps discovered:
D:1:      dpeg_arrival_pits, layout_loops_ring, minmay_misc_feat_nine_boxes
D:2:      layout_loops_corners, minmay_splitting_lines,
          minmay_shallow_snake_nest
D:3:      layout_rooms, lightli_sewer_entry_pipes
D:4:      layout_basic, nicolae_ru_sacrificial_ziggurat, serial_shops, shop,
          nicolae_elemental_shop, uniq_purgy, uniq_grinder, uniq_edmund

Skill      XL: |  1  2  3  4  5  6 |
---------------+-------------------+-----
Shields        | 4 5 6 |  6.2
Fighting       | 4 5 |  5.7
Axes           | 3 4 |  4.6
Armour         | |  3.2

Action                   |  1- 3 |  4- 6 |  7- 9 || total
-------------------------+-------+-------+-------++-------
Melee: War axe           |   106 |   186 |    13 ||   305
 Abil: Dig               |       |     1 |       ||     1
  Use: Potion            |       |     1 |     6 ||     7
Armor: Scale mail        |    74 |    47 |       ||   121
       Gold dragon scale |       |    94 |    12 ||   106
Dodge: Dodged            |    46 |    41 |     1 ||    88
Block: Kite shield       |    83 |   123 |    13 ||   219
